 Dungeon Crawl Stone Soup version 0.28.0-45-g0d030f2227 (webtiles) character file.

Game seed: 7066007549662767495

654 Bliebski the Ducker (level 7, 0/51 (52) HPs)
             Began as a Demonspawn Gladiator on Apr 23, 2022.
             Slain by a vampire mosquito (3 damage)
             ... on level 5 of the Dungeon.
             The game lasted 00:11:25 (4816 turns).

Bliebski the Ducker (Demonspawn Gladiator)          Turns: 4816, Time: 00:11:26

HP:   0/51 (52)     AC: 10    Str: 16    XL:     7   Next: 29%
MP:   11/11         EV: 12    Int: 10    God:
Gold: 180           SH:  0    Dex: 14    Spells: 10/11 levels left

rFire   + . .      SeeInvis .   f - +4 hand axe
rCold   . . .      Faith    .   (no shield)
rNeg    . . .      Spirit   .   q - +1 ring mail {rF+}
rPois   .          Reflect  .   c - +0 helmet
rElec   .          Harm     .   (no cloak)
rCorr   .          Rampage  .   k - +0 pair of gloves
Will    .....                   (no boots)
Stlth   +.........              (no amulet)
HPRegen 0.17/turn               (no ring)
MPRegen 0.12/turn               (no ring)

@: lightly drained
A: hooves 1, thin metallic scales 1, powered by death 2
a: no special abilities


You were on level 5 of the Dungeon.
You visited 1 branch of the dungeon, and saw 5 of its levels.

You collected 180 gold pieces.

Inventory:

Hand Weapons
 a - a +0 rapier
 f - a +4 hand axe (weapon)
Missiles
 d - 3 throwing nets (quivered)
 l - 227 stones
Armour
 b - a +0 leather armour
 c - a +0 helmet (worn)
 e - a +0 ring mail
 k - a +0 pair of gloves (worn)
 o - a scarf of invisibility
 q - a +1 ring mail of fire resistance (worn)
Jewellery
 g - an amulet of the acrobat
Wands
 w - a wand of flame (10)
Scrolls
 h - a scroll of vulnerability
 t - a scroll of enchant armour {unknown}
 u - a scroll of immolation {unknown}
 v - a scroll of amnesia {unknown}
Potions
 j - a potion of might {unknown}
 m - 2 potions of berserk rage {unknown}
 n - a potion of magic {unknown}
 p - 2 potions of heal wounds {unknown}
 r - a potion of curing {unknown}
 s - a potion of flight {unknown}


   Skills:
 + Level 3.5 Fighting
 - Level 3.0 Short Blades
 - Level 2.4 Axes
 - Level 2.0 Throwing
 - Level 2.7 Armour
 + Level 4.0 Dodging
 + Level 2.6 Spellcasting
 + Level 2.6 Conjurations


You had 10 spell levels left.
You knew the following spells:

 Your Spells              Type           Power      Damage    Failure   Level
a - Magic Dart            Conj           24%        1d4       19%         1

Your spell library contained the following spells:

 Spells                   Type           Power      Damage    Failure   Level
 Call Imp                 Summ           1%         N/A       63%         2
 Mephitic Cloud           Conj/Pois/Air  3%         N/A       75%         3
 Gell's Gravitas          Tloc           1%         N/A       86%         3
 Teleport Other           Tloc           1%         N/A       86%         3
 Dispersal                Tloc           0%         N/A       100%        6


Dungeon Overview and Level Annotations

Branches:
Dungeon (5/15)
 Temple: D:4-7

Altars:
Trog

Shops:
D:2 [   D:4 :

Annotations:
D:4 1 runed translucent door, Zeus21348's ghost, amateur MiBe


Innate Abilities, Weirdness & Mutations

You have large cloven feet.
You are partially covered in thin metallic scales. (AC +2)
You regenerate health from kills.


Message History

A vampire mosquito comes into view.
The vampire mosquito buzzes angrily.
A vampire mosquito comes into view.
You are too injured to fight recklessly!
You are too injured to fight recklessly!
You are too injured to fight recklessly!
You are too injured to fight recklessly!
Found a scroll labelled LIMUWE RIASIE.
You hit the adder. Your kick misses the adder.
The adder is moderately wounded.
The adder barely misses you. The adder bites you but does no damage.
You closely miss the adder. Your punch misses the adder.
The adder is moderately wounded.
You hit the vampire mosquito.
The vampire mosquito bites you but does no damage.
The vampire mosquito closely misses you. x2
The adder misses you.
The vampire mosquito barely misses you. x2
You barely miss the adder. Your kick misses the adder.
The adder is moderately wounded.
You closely miss the vampire mosquito. You hit the vampire mosquito.
The adder barely misses you. The vampire mosquito bites you.
The vampire mosquito draws strength from your injuries!
The vampire mosquito bites you but does no damage.
The adder bites you but does no damage. The vampire mosquito bites you.
The vampire mosquito draws strength from your injuries!
The vampire mosquito bites you!
* * * LOW HITPOINT WARNING * * *
The vampire mosquito draws strength from your injuries!
The vampire mosquito completely misses you.
The vampire mosquito bites you but does no damage.
The vampire mosquito closely misses you.
There is a stone staircase leading up here.
The vampire mosquito bites you!
* * * LOW HITPOINT WARNING * * *
The vampire mosquito draws strength from your injuries!
Found 6 gold pieces.
The vampire mosquito bites you but does no damage.
The vampire mosquito bites you.
Keep equipping yourself?
You die...

#.........PP
#........P.♣
#.?......♣
#.# #.# ♣
#.# .♣ #S#
$PP♣♣
#y##.≈≈...
#y@..≈≈..♣
#.......##
#.......#
#.......#
#.........
#.^.....##
#.......#
#.......#


You could see 2 vampire mosquitoes and an adder.

Vanquished Creatures
  A bullfrog (D:4)
  2 wights (D:4)
  3 orc priests (D:4)
  4 jellies
  A bullfrog skeleton (D:4)
  Jessica (D:3)
  Terence (D:3)
  Robin (D:2)
  3 adders
  8 gnolls
  A worm (D:2)
  A dart slug (D:1)
  10 orcs
  12 ball pythons
  14 endoplasms
  4 giant cockroaches
  12 goblins
  10 hobgoblins
  2 quokkas
  4 bats
  4 frilled lizards
  12 kobolds
  6 rats
117 creatures vanquished.

Vanquished Creatures (others)
  3 fungi (D:2)
  7 toadstools (D:2)
10 creatures vanquished.

Grand Total: 127 creatures vanquished

Notes
Turn   | Place    | Note
-------+----------+-------------------------------------------
     0 | D:1      | Bliebski the Demonspawn Gladiator began the quest for the
                  | Orb.
     0 | D:1      | Reached XP level 1. HP: 16/16 MP: 1/1
   242 | D:1      | Gained mutation: You regenerate a little health from kills.
                  | [demonic ancestry]
   242 | D:1      | Reached XP level 2. HP: 22/22 MP: 2/2
   252 | D:1      | Learned a level 1 spell: Magic Dart
   392 | D:1      | Reached skill level 3 in Dodging
   830 | D:2      | Found Beocs's Armour Boutique.
   902 | D:2      | Reached XP level 3. HP: 27/27 MP: 3/3
  1034 | D:2      | Found a faded altar of an unknown god.
  1162 | D:2      | Reached skill level 1 in Axes
  1358 | D:2      | Reached skill level 1 in Armour
  1458 | D:2      | Noticed Robin
  1641 | D:2      | Killed Robin
  1656 | D:2      | Reached XP level 4. HP: 33/33 MP: 4/4
  1954 | D:2      | Reached skill level 1 in Spellcasting
  2160 | D:1      | Gained mutation: You regenerate health from kills. [demonic
                  | ancestry]
  2160 | D:1      | Reached XP level 5. HP: 9/39 MP: 6/6
  2385 | D:2      | Reached skill level 1 in Conjurations
  2835 | D:3      | Noticed Terence
  2853 | D:3      | Killed Terence
  3295 | D:3      | Noticed Jessica
  3327 | D:3      | Killed Jessica
  3328 | D:3      | Gained mutation: You have large cloven feet. [demonic
                  | ancestry]
  3328 | D:3      | Reached XP level 6. HP: 45/46 MP: 8/8
  3840 | D:4      | Found Lemuhellu's Book Shop.
  4207 | D:4      | Found a bloodstained altar of Trog.
  4215 | D:4      | Gained mutation: You are partially covered in thin metallic
                  | scales. (AC +2) [demonic ancestry]
  4215 | D:4      | Reached XP level 7. HP: 52/52 MP: 10/10
  4314 | D:4      | HP: 1/50 [wight/+0 halberd (8)]
  4708 | D:4      | Reached skill level 4 in Dodging
  4721 | D:4      | Noticed a steam dragon
  4768 | D:4      | Found a runed translucent door.
  4768 | D:4      | Noticed Zeus21348's ghost (amateur MiBe)
  4777 | D:5      | Entered Level 5 of the Dungeon
  4806 | D:5      | Noticed a vampire mosquito
  4806 | D:5      | Noticed a vampire mosquito
  4814 | D:5      | HP: 2/51 [vampire mosquito (7)]
  4816 | D:5      | Slain by a vampire mosquito

Illustrated notes

Levels and vault maps discovered:
D:1:      minmay_arrival_up_and_down, layout_rooms
D:2:      cheibrodos_fertilizer, layout_basic, basic_ecumenical_altar,
          serial_shops, shop, uniq_robin
D:3:      layout_basic, chequers_serial_rivers_room_a, uniq_jessica,
          uniq_terence
D:4:      cheibrodos_barr_body, layout_basic,
          minmay_temple_entry_drinking_statues, serial_shops,
          nicolae_square_shop, gammafunk_ghost_grave, kennysheep_diamond
D:5:      layout_rooms, nicolae_elyvilon_peaceful_grove,
          lightli_sewer_entry_pipes, gammafunk_ghost_arena, uniq_duvessa,
          uniq_crazy_yiuf_cottage

Skill      XL: |  1  2  3  4  5  6  7 |
---------------+----------------------+-----
Short Blades   | 3 |  3.0
Dodging        | 3 4 |  4.0
Axes           | 1 2 |  2.4
Armour         | 1 2 |  2.7
Spellcasting   | 1 2 |  2.6
Conjurations   | 1 2 |  2.6
Throwing       | 2 |  2.0
Fighting       | 3 |  3.5

Action                   |  1- 3 |  4- 6 |  7- 9 || total
-------------------------+-------+-------+-------++-------
Melee: Rapier            |    13 |       |       ||    13
       Hand axe          |    94 |   154 |    34 ||   282
       Punch             |     1 |     2 |     1 ||     4
       Kick              |       |    14 |     9 ||    23
  Use: Scroll            |       |     4 |     2 ||     6
Armor: Leather armour    |     3 |       |       ||     3
       Ring mail         |    42 |    65 |    21 ||   128
Dodge: Dodged            |    54 |   101 |    54 ||   209
